AoeStats
← cmd

Arabia

508521063Analyzed
3v3 RM · 9d ago on Sep 22, 2026· 48m 27s· 6 players
Game mode
Random Map
Map size
Normal (6 player)
Population
200
Speed
Normal
Resources
Standard
Victory
Conquest
Starting age
Dark Age
Ending age
Imperial Age
RankedLock teamsTeams togetherTeam positionsShared explorationLock speedFull tech treeHidden civsTurbo modeCheats
Victory
Defeat
🇩🇪 Mongols · Germany
983
+14
🇩🇪 Japanese · Germany
971
+15
🇩🇪 Franks · Germany
917
+16
🇩🇪 Cumans · Germany
962
-16
🇩🇪 Bulgarians · Germany
946
-15
🇩🇪 Mongols · Germany
914
-14
Big_Joe
11:06 Feudal Age
13:14 Double-Bit Axe
14:18 Scale Mail Armor
16:12 Forging
17:41 Arson
18:34 Horse Collar
22:30 Loom
25:13 Castle Age
25:51 Pikeman
27:13 Chain Mail Armor
27:34 Iron Casting
30:26 Town Watch
31:56 Bow Saw
32:48 Fletching
33:18 Heavy Plow
37:43 Imperial Age
37:13 Squires
37:00 Gambesons
37:11 Gambesons
39:47 Plate Mail Armor
40:19 Blast Furnace
43:46 Conscription
44:32 Elite Skirmisher
45:14 Bodkin Arrow
46:02 Capped Ram
46:20 Halberdier
zaxolinchen
9:15 Feudal Age
8:41 Loom
9:49 Double-Bit Axe
9:59 Horse Collar
20:09 Castle Age
18:50 Stone Mining
19:50 Scale Barding Armor
20:40 Bloodlines
24:14 Bow Saw
28:22 Padded Archer Armor
28:12 Fletching
29:55 Ballistics
29:53 Leather Archer Armor
31:01 Bodkin Arrow
37:23 Imperial Age
34:34 Pikeman
36:58 Light Cavalry
38:03 Hussar
bjoern4tel
10:32 Feudal Age
13:04 Double-Bit Axe
24:39 Castle Age
36:58 Scale Mail Armor
40:06 Imperial Age
40:23 Bow Saw
40:44 Onager
49:00 Two-Man Saw
helo
6:39 Loom
9:32 Feudal Age
9:36 Man-at-Arms
15:43 Wheelbarrow
20:39 Fletching
23:25 Castle Age
21:11 Horse Collar
23:35 Scale Mail Armor
25:02 Bodkin Arrow
25:16 Thumb Ring
25:54 Squires
26:06 Heavy Plow
26:33 Double-Bit Axe
26:39 Crossbowman
27:51 Gold Mining
29:20 Padded Archer Armor
30:56 Pikeman
31:54 Chain Mail Armor
36:22 Elite Skirmisher
40:56 Imperial Age
40:26 Hand Cart
40:33 Leather Archer Armor
41:04 Arbalester
45:13 Chemistry
47:27 Bracer
47:57 Ring Archer Armor
46:51 Elite Samurai
cmd
10:52 Loom
12:37 Feudal Age
17:09 Castle Age
16:21 Double-Bit Axe
19:05 Bow Saw
20:48 Scale Barding Armor
28:00 Husbandry
31:10 Chain Barding Armor
32:16 Gold Mining
32:16 Stone Mining
32:25 Stone Mining
35:45 Imperial Age
36:16 Gold Shaft Mining
36:33 Wheelbarrow
36:02 Cavalier
38:15 Hand Cart
37:55 Paladin
40:33 Plate Barding Armor
40:10 Forging
44:06 Chemistry
44:29 Chivalry
45:14 Iron Casting
noname
6:19 Loom
9:14 Feudal Age
10:11 Horse Collar
21:48 Fletching
24:10 Double-Bit Axe
27:41 Wheelbarrow
30:06 Castle Age
29:24 Padded Archer Armor
29:20 Gold Mining
31:20 Bodkin Arrow
32:22 Town Watch
33:10 Ballistics
33:09 Leather Archer Armor
36:04 Bow Saw
38:47 Hand Cart
39:49 Bloodlines
39:40 Husbandry
39:50 Thumb Ring
46:16 Imperial Age
46:28 Herbal Medicine
47:46 Masonry
48:39 Chemistry
47:46 Siege Engineers
47:52 Masonry
48:20 Conscription
49:09 Parthian Tactics
48:16 Heavy Cavalry Archer
48:58 Bracer
Connection lost

Rejoining the realm…

Still unreachable

The connection could not be restored.

Session expired

The server has moved on; the page needs a fresh start.